 Dungeon Crawl Stone Soup version 0.29.0-4-gdea44cf6ec (webtiles) character file.

Game seed: 5276307251045363325

7150 qw the Cleaver (level 11, -1/63 HPs)
             Began as a Gargoyle Berserker on Sept 4, 2022.
             Was an Elder of Trog.
             Slain by an orc
             ... wielding a +2 vorpal hand axe
              (5 damage)
             ... on level 10 of the Dungeon.
             The game lasted 00:03:53 (11904 turns).

qw the Cleaver (Gargoyle Berserker)                Turns: 11904, Time: 00:03:53

Health: -1/63      AC: 26    Str: 25    XL:     11   Next: 10%
Magic:  11/11      EV:  7    Int: 10    God:    Trog [****..]
Gold:   609        SH:  4    Dex:  9    Spells: 10/10 levels left

rFire   + . .      SeeInvis .   Y - +0 war axe
rCold   . . .      Faith    .   h - +0 buckler
rNeg    + . .      Spirit   .   d - +0 plate armour
rPois   inf        Reflect  .   b - +0 helmet
rElec   +          Harm     .   (no cloak)
rCorr   .          Rampage  .   (no gloves)
Will    .....                   (no boots)
Stlth   ..........              (no amulet)
HPRegen 0.20/turn               n - ring "Ymyhagu" {AC+4 Int+2}
MPRegen 0.12/turn               a - ring of protection from fire

@: about to teleport, on berserk cooldown, slowed, very slow
A: sickness immunity, AC +8, negative energy resistance 1, electricity
resistance, torment resistance 1, petrification resistance, frail 1, inability
to drink after injury 1
a: Renounce Religion, Berserk, Trog's Hand, Brothers in Arms


You were on level 10 of the Dungeon.
You worshipped Trog.
Trog was greatly pleased with you.
You visited 1 branch of the dungeon, and saw 10 of its levels.

You collected 609 gold pieces.


Innate Abilities, Weirdness & Mutations

You are immune to sickness and miasma.
Your stone body is resilient. (AC +8)
You are immune to poison.
You resist negative energy. (rN+)
You are resistant to electric shocks. (rElec)
You are resistant to unholy torment.
You are immune to petrification.
You are frail. (-10% HP)
You occasionally lose the ability to drink potions when taking damage.


   Skills:
 - Level 9.4 Fighting
 - Level 12.0 Axes
 - Level 1.2 Throwing
 - Level 7.0 Armour
 - Level 2.0 Dodging
 + Level 3.6 Shields


You had 10 spell levels left.
You didn't know any spells.
Your spell library was empty.

Inventory:

Hand Weapons
 i - a +7 morningstar
 Y - a +0 war axe (weapon)
Missiles
 s - 11 boomerangs (quivered)
Armour
 b - a +0 helmet (worn)
 d - a +0 plate armour (worn)
 h - a +0 buckler (worn)
Jewellery
 a - a ring of protection from fire (right hand)
 n - the ring "Ymyhagu" (left hand) {AC+4 Int+2}
   (You found it on level 3 of the Dungeon)

   [ring of protection]

   AC:        It affects your AC (+4).
   Int:       It affects your intelligence (+2).
 o - a ring of fire
Scrolls
 f - 2 scrolls of identify
 j - a scroll of fog {unknown}
Potions
 c - 2 potions of haste
 g - 3 potions of resistance
 m - 2 potions of heal wounds
 p - a potion of might
 q - a potion of cancellation
 r - a potion of berserk rage {unknown}

Dungeon Overview and Level Annotations

Branches:
Dungeon (10/15)            Temple (0/1) D:4             Orc (0/2) D:10
   Lair: D:8-11

Altars:
Ashenzari
Cheibriados
Kikubaaqudgha
Makhleb
Trog
Uskayaw
Xom

Annotations:
D:4 1 runed translucent door, qw's ghost, amateur BaCK


Message History

The kobold brigand throws a poisoned dart.
The poisoned dart hits you!
The kobold demonologist casts a cantrip, but nothing happens.
You barely miss the kobold brigand. You closely miss the kobold brigand.
You slash the kobold demonologist!
The kobold demonologist mumbles some strange words.
The kobold demonologist hits you but does no damage.
The kobold brigand barely misses you.
You closely miss the kobold demonologist.
The kobold demonologist is lightly wounded.
You hit the kobold brigand. You slash the kobold brigand! You slash the kobold!
You kill the kobold!
Trog accepts your kill.
Your surroundings suddenly seem different. 2 orcs and a goblin come into view.
An orc is wielding a +2 vorpal hand axe.
Found a dagger and 6 poisoned darts.
The orc shouts!
The goblin shouts!
You hear a shout!
An orc comes into view.
It is wielding a +0 hand axe of flaming.
Enter note:
11902 ||| READING scroll of teleportation.
As you read the scroll of teleportation, it crumbles to dust.
You feel strangely unstable. The sixfirhy hits you. The sixfirhy shocks you.
You resist.
The sixfirhy hits you but does no damage.
The sixfirhy barely misses you.
You slash the sixfirhy!
The sixfirhy is moderately wounded.
You closely miss the orc. You block the orc's attack.
A troll comes into view.
The troll shouts!
You hit the sixfirhy but do no damage.
The sixfirhy is moderately wounded.
You closely miss the orc.
You can drink potions again.
The sixfirhy closely misses you. The sixfirhy hits you.
The sixfirhy shocks you. You resist.
The orc hits you with a +2 vorpal hand axe.
You die...

....... (...... .
....... ..
....... ...
....... ....
....... .....
#....##......
#....@.......
......o3o......
.......g.......
.......###.....
......o .....
....... ....
..T...5.>........
......o........).
...oo...........


You could see a troll, a sixfirhy (summoned), an orc warrior, an iron imp
(summoned), 3 orcs and a goblin.

Vanquished Creatures
  A two-headed ogre (D:9)
  4 unseen horror zombies (D:9)
  A wyvern (D:7)
  2 shadows
  6 yaks (D:9)
  Duvessa (D:6)
  2 orc warriors
  An ice beast (D:5)
  An ogre (D:5)
  5 centaurs
  A phantom (D:7)
  3 bullfrogs
  2 kobold brigands
  2 necrophages
  A gnoll sergeant (D:7)
  4 scorpions
  14 wights
  Dowan (D:6)
  19 killer bees
  2 centaur zombies (D:9)
  3 jellies
  2 hounds (D:4)
  2 orc priests (D:7)
  Jessica (D:3)
  An iguana (D:5)
  8 orc wizards
  4 howler monkey zombies (D:9)
  5 gnolls
  11 adders
  A shadow imp (D:5)
  5 white imps
  2 worms
  5 dart slugs
  36 orcs
  2 ball pythons
  4 endoplasms
  10 giant cockroaches
  12 hobgoblins
  2 jackals (D:4)
  A quokka (D:2)
  3 bats
  8 goblins
  7 kobolds
  7 rats
215 creatures vanquished.

Vanquished Creatures (others)
  An orc wizard (D:10)
  2 withered plants (D:9)
3 creatures vanquished.

Grand Total: 218 creatures vanquished

Notes
Turn   | Place    | Note
-------+----------+-------------------------------------------
     0 | D:1      | qw the Gargoyle Berserker began the quest for the Orb.
     0 | D:1      | Reached XP level 1. HP: 14/14 MP: 1/1
     0 | D:1      | 0 ||| qw: Version: 0.1-a-103-gd6f5d3a
     0 | D:1      | 0 ||| qw: Game counter: 5545
     0 | D:1      | 0 ||| qw: Always use a shield: true
     0 | D:1      | 0 ||| qw: Do Orc after D:15 true
     0 | D:1      | 0 ||| qw: Do second Lair branch before Depths: true
     0 | D:1      | 0 ||| qw: Lair rune preference: random
     0 | D:1      | 0 ||| qw: Plans: Normal
     0 | D:1      | 0 ||| PLANNING D:1-11
     8 | D:1      | Noticed a minotaur zombie
    77 | D:1      | 77 ||| INVOKING Berserk.
    78 | D:1      | Found a faded altar of an unknown god.
    81 | D:1      | HP: 2/21 [gnoll/+0 spear (7)]
    84 | D:1      | Reached skill level 3 in Axes
    84 | D:1      | Reached XP level 2. HP: 2/19 MP: 2/2
   832 | D:1      | 832 ||| Stepping ~*~*~tactically~*~*~ (hiding).
   934 | D:1      | 934 ||| Stepping ~*~*~tactically~*~*~ (hiding).
   944 | D:1      | Reached XP level 3. HP: 23/23 MP: 3/3
  1459 | D:1      | 1459 ||| READING scroll labelled OSHROB TELYG.
  1460 | D:1      | 1460 ||| READING scroll labelled ZIANLUEMES.
  1461 | D:1      | 1461 ||| READING scroll labelled KIORUC UNGOPNU.
  1462 | D:1      | 1462 ||| READING scroll labelled EHAYNNADAL.
  1514 | D:1      | 1514 ||| DRINKING 2 cyan potions.
  1571 | D:2      | Reached skill level 4 in Axes
  1809 | D:2      | 1809 ||| INVOKING Berserk.
  2063 | D:2      | 2063 ||| Stepping ~*~*~tactically~*~*~ (hiding).
  2074 | D:2      | Reached XP level 4. HP: 28/28 MP: 4/4
  2139 | D:2      | 2139 ||| Stepping ~*~*~tactically~*~*~ (hiding).
  2665 | D:2      | 2665 ||| UPGRADING to +0 leather armour.
  2675 | D:2      | 2675 ||| DROPPING +0 animal skin.
  2676 | D:2      | 2676 ||| DROPPING amulet of magic regeneration.
  2677 | D:2      | 2677 ||| READING scroll labelled REUD EQIGOHUH.
  2747 | D:3      | 2747 ||| DROPPING +0 club.
  2876 | D:3      | Noticed Jessica
  2877 | D:3      | 2877 ||| Stepping ~*~*~tactically~*~*~ (hiding).
  2880 | D:3      | 2880 ||| Stepping ~*~*~tactically~*~*~ (hiding).
  2882 | D:3      | 2882 ||| INVOKING Berserk.
  2885 | D:3      | Killed Jessica
  2886 | D:3      | Reached skill level 5 in Axes
  2886 | D:3      | Reached ** piety under Trog
  2887 | D:3      | Reached XP level 5. HP: 32/33 MP: 5/5
  3075 | D:3      | Found a burning altar of Makhleb.
  3129 | D:3      | 3129 ||| INVOKING Berserk.
  3361 | D:3      | Found a shimmering altar of Xom.
  3539 | D:3      | Reached XP level 6. HP: 37/39 MP: 6/6
  3573 | D:3      | Identified the ring "Ymyhagu" {AC+4 Int+2}
  3648 | D:3      | 3648 ||| UPGRADING to +0 plate armour.
  3658 | D:3      | 3658 ||| DROPPING +0 leather armour.
  3659 | D:3      | 3659 ||| UPGRADING to ring "Ymyhagu" {AC+4 Int+2}.
  3660 | D:3      | 3660 ||| READING 2 scrolls labelled IKHLUL TEMU.
  3661 | D:3      | 3661 ||| READING scroll of enchant weapon.
  3661 | D:3      | 3661 ||| ENCHANTING +1 hand axe.
  3662 | D:3      | 3662 ||| DRINKING 2 viscous silvery potions.
  3719 | D:4      | 3719 ||| Stepping ~*~*~tactically~*~*~ (stealth).
  3723 | D:4      | 3723 ||| Stepping ~*~*~tactically~*~*~ (stealth).
  3727 | D:4      | 3727 ||| Stepping ~*~*~tactically~*~*~ (stealth).
  3728 | D:4      | 3728 ||| Stepping ~*~*~tactically~*~*~ (stealth).
  3769 | D:4      | Found a runed translucent door.
  3769 | D:4      | Noticed qw's ghost (amateur BaCK)
  3921 | D:4      | 3921 ||| Stepping ~*~*~tactically~*~*~ (stealth).
  4022 | D:4      | Reached skill level 3 in Armour
  4091 | D:4      | 4091 ||| INVOKING Berserk.
  4257 | D:4      | Found a staircase to the Ecumenical Temple.
  4304 | D:4      | 4304 ||| Stepping ~*~*~tactically~*~*~ (stealth).
  4338 | D:4      | 4338 ||| Stepping ~*~*~tactically~*~*~ (stealth).
  4474 | D:4      | 4474 ||| Stepping ~*~*~tactically~*~*~ (stealth).
  4772 | D:4      | 4772 ||| DROPPING orb of guile.
  4773 | D:4      | 4773 ||| READING scroll labelled FIWACU DEXAHATE.
  4797 | D:4      | 4797 ||| DRINKING 2 emerald potions.
  4797 | D:4      | Gained mutation: Armour fits poorly on your strangely
                  | shaped body. [potion of mutation]
  4797 | D:4      | Gained mutation: Your large and strong wings let you fly.
                  | [potion of mutation]
  4798 | D:4      | 4798 ||| DRINKING potion of mutation.
  4798 | D:4      | Lost mutation: Your large and strong wings let you fly.
                  | [potion of mutation]
  4798 | D:4      | Lost mutation: Armour fits poorly on your strangely shaped
                  | body. [potion of mutation]
  4798 | D:4      | Gained mutation: You are frail. (-10% HP) [potion of
                  | mutation]
  4798 | D:4      | Gained mutation: You occasionally lose the ability to drink
                  | potions when taking damage. [potion of mutation]
  4798 | D:4      | Gained mutation: You have hidden genetic defects. [potion
                  | of mutation]
  4798 | D:4      | Lost mutation: You have hidden genetic defects. [potion of
                  | mutation]
  4799 | D:4      | 4799 ||| DRINKING 3 fuming clear potions.
  4800 | D:4      | 4800 ||| DROPPING 2 potions of invisibility.
  4826 | D:5      | Entered Level 5 of the Dungeon
  4858 | D:5      | Noticed an ice beast
  4859 | D:5      | 4859 ||| Stepping ~*~*~tactically~*~*~ (stealth).
  4871 | D:5      | 4871 ||| INVOKING Berserk.
  4874 | D:5      | Killed an ice beast
  4875 | D:5      | Reached skill level 6 in Axes
  4875 | D:5      | Reached XP level 7. HP: 39/39 MP: 7/7
  5114 | D:5      | 5114 ||| INVOKING Berserk.
  5123 | D:5      | Reached skill level 7 in Axes
  5488 | D:5      | 5488 ||| READING scroll labelled RAPUSM NUHIA.
  5489 | D:5      | 5489 ||| READING scroll labelled XEADGH UZIO.
  5490 | D:5      | 5490 ||| DRINKING 2 fuming white potions.
  5491 | D:5      | 5491 ||| DRINKING 2 blue potions.
  5492 | D:5      | 5492 ||| READING 2 scrolls of identify.
  5492 | D:5      | 5492 ||| IDENTIFYING ruby potion
  5493 | D:5      | 5493 ||| DROPPING potion of brilliance.
  5544 | D:6      | Noticed Duvessa
  5544 | D:6      | Noticed Dowan
  5548 | D:6      | 5548 ||| INVOKING Berserk.
  5552 | D:6      | Killed Duvessa
  5558 | D:6      | Killed Dowan
  5559 | D:6      | Reached skill level 1 in Throwing
  5559 | D:6      | Reached XP level 8. HP: 44/44 MP: 8/8
  5771 | D:6      | Found a hide-covered altar of Uskayaw.
  5820 | D:6      | 5820 ||| SWAPPING to +0 war axe.
  5821 | D:6      | 5821 ||| DROPPING +2 hand axe.
  5832 | D:6      | Found a bloodstained altar of Trog.
  5880 | D:6      | 5880 ||| INVOKING Berserk.
  5955 | D:6      | 5955 ||| Stepping ~*~*~tactically~*~*~ (stealth).
  5962 | D:6      | Reached *** piety under Trog
  6091 | D:6      | 6091 ||| Stepping ~*~*~tactically~*~*~ (stealth).
  6098 | D:6      | 6098 ||| INVOKING Berserk.
  6102 | D:6      | HP: 12/66 [wight/+4 battleaxe (5)]
  6352 | D:6      | Reached skill level 8 in Axes
  6352 | D:6      | 6352 ||| INVOKING Berserk.
  6670 | D:6      | Found a snail-covered altar of Cheibriados.
  6790 | D:6      | 6790 ||| UPGRADING to ring of protection from fire.
  6791 | D:6      | 6791 ||| DRINKING 2 lumpy emerald potions.
  6792 | D:6      | 6792 ||| READING 2 scrolls of identify.
  6792 | D:6      | 6792 ||| IDENTIFYING smoky emerald potion
  6793 | D:6      | 6793 ||| DROPPING potion of attraction.
  6875 | D:7      | 6875 ||| Stepping ~*~*~tactically~*~*~ (stealth).
  6926 | D:7      | 6926 ||| Stepping ~*~*~tactically~*~*~ (hiding).
  7072 | D:7      | 7072 ||| INVOKING Berserk.
  7076 | D:7      | Reached skill level 6 in Fighting
  7275 | D:7      | 7275 ||| INVOKING Berserk.
  7309 | D:7      | 7309 ||| Stepping ~*~*~tactically~*~*~ (stealth).
  7330 | D:7      | 7330 ||| Stepping ~*~*~tactically~*~*~ (stealth).
  7424 | D:7      | 7424 ||| DROPPING +0 flail.
  7639 | D:7      | Reached skill level 9 in Axes
  7639 | D:7      | Reached XP level 9. HP: 46/49 MP: 9/9
  7639 | D:7      | 7639 ||| INVOKING Berserk.
  7895 | D:7      | 7895 ||| Stepping ~*~*~tactically~*~*~ (hiding).
  7898 | D:7      | 7898 ||| Stepping ~*~*~tactically~*~*~ (hiding).
  8061 | D:7      | 8061 ||| Stepping ~*~*~tactically~*~*~ (hiding).
  8145 | D:7      | 8145 ||| DRINKING 2 purple potions.
  8181 | D:7      | 8181 ||| DRINKING 2 fuming black potions.
  8182 | D:7      | 8182 ||| READING 3 scrolls of identify.
  8182 | D:7      | 8182 ||| IDENTIFYING coppery potion
  8183 | D:7      | 8183 ||| READING 2 scrolls of identify.
  8183 | D:7      | 8183 ||| IDENTIFYING bubbling dark potion
  8184 | D:7      | 8184 ||| DROPPING potion of lignification.
  8185 | D:7      | 8185 ||| DROPPING potion of magic.
  8186 | D:7      | 8186 ||| DROPPING potion of degeneration.
  8187 | D:7      | 8187 ||| DROPPING potion of flight.
  8272 | D:8      | 8272 ||| DRINKING 3 potions of curing.
  8272 | D:8      | 8272 ||| (to cure confusion)
  8281 | D:8      | 8281 ||| DRINKING 2 potions of curing.
  8281 | D:8      | 8281 ||| (to cure confusion)
  8411 | D:8      | Found a flagged portal.
  8414 | D:8      | 8414 ||| Stepping ~*~*~tactically~*~*~ (water).
  8568 | D:8      | 8568 ||| INVOKING Berserk.
  8739 | D:8      | 8739 ||| DROPPING +2 flail of protection.
  9001 | D:8      | 9001 ||| Stepping ~*~*~tactically~*~*~ (hiding).
  9368 | D:8      | 9368 ||| READING scroll labelled NUSSAM POPPI.
  9369 | D:8      | 9369 ||| READING scroll labelled PECVOXK FAIMP.
  9370 | D:8      | 9370 ||| READING 2 scrolls of identify.
  9370 | D:8      | 9370 ||| IDENTIFYING dark potion
  9371 | D:8      | 9371 ||| DROPPING potion of ambrosia.
  9407 | D:9      | 9407 ||| STAIRDANCE
  9496 | D:9      | Reached skill level 10 in Axes
  9689 | D:9      | 9689 ||| Stepping ~*~*~tactically~*~*~ (stealth).
  9698 | D:9      | 9698 ||| INVOKING Berserk.
  9701 | D:9      | Reached skill level 6 in Armour
  9701 | D:9      | Reached XP level 10. HP: 33/57 MP: 10/10
  9918 | D:9      | 9918 ||| Stepping ~*~*~tactically~*~*~ (hiding).
  9973 | D:9      | 9973 ||| Stepping ~*~*~tactically~*~*~ (hiding).
  9976 | D:9      | 9976 ||| Stepping ~*~*~tactically~*~*~ (hiding).
  9990 | D:9      | Reached **** piety under Trog
  9991 | D:9      | Reached skill level 11 in Axes
 10032 | D:9      | 10032 ||| INVOKING Berserk.
 10036 | D:9      | HP: 19/85 [wight/+7 morningstar (10)]
 10220 | D:9      | 10220 ||| FLEEEEING.
 10288 | D:9      | Reached skill level 9 in Fighting
 10290 | D:9      | 10290 ||| DROPPING +0 morningstar.
 10333 | D:9      | 10333 ||| Stepping ~*~*~tactically~*~*~ (stealth).
 10435 | D:9      | 10435 ||| INVOKING Berserk.
 10441 | D:9      | HP: 20/88 [killer bee (5)]
 10770 | D:9      | 10770 ||| Stepping ~*~*~tactically~*~*~ (hiding).
 10783 | D:9      | 10783 ||| INVOKING Berserk.
 10974 | D:9      | Noticed a two-headed ogre
 10975 | D:9      | 10975 ||| INVOKING Berserk.
 10983 | D:9      | Killed a two-headed ogre
 11130 | D:9      | Reached skill level 12 in Axes
 11148 | D:9      | 11148 ||| Stepping ~*~*~tactically~*~*~ (stealth).
 11190 | D:9      | 11190 ||| Stepping ~*~*~tactically~*~*~ (stealth).
 11192 | D:9      | 11192 ||| Stepping ~*~*~tactically~*~*~ (stealth).
 11199 | D:9      | 11199 ||| Stepping ~*~*~tactically~*~*~ (stealth).
 11361 | D:9      | Identified the +5 leather armour of Lies {rC++}
 11372 | D:9      | 11372 ||| Stepping ~*~*~tactically~*~*~ (hiding).
 11383 | D:9      | Reached XP level 11. HP: 55/63 MP: 11/11
 11468 | D:9      | Found a broken altar of Ashenzari.
 11472 | D:9      | Saw a vision of the Shoals and the Spider Nest.
 11472 | D:9      | Noticed an entropy weaver
 11472 | D:9      | Noticed a spark wasp
 11472 | D:9      | Noticed a manticore
 11472 | D:9      | Noticed a cyclops
 11472 | D:9      | Noticed a boulder beetle
 11472 | D:9      | Noticed a boulder beetle
 11472 | D:9      | Noticed a manticore
 11472 | D:9      | Noticed a moth of wrath
 11473 | D:9      | Noticed a sea snake
 11473 | D:9      | Noticed a pharaoh ant
 11653 | D:9      | 11653 ||| UPGRADING to +0 helmet.
 11658 | D:9      | 11658 ||| UPGRADING to +0 buckler.
 11663 | D:9      | 11663 ||| READING 2 scrolls of identify.
 11663 | D:9      | 11663 ||| IDENTIFYING viscous orange potion
 11698 | D:10     | Entered Level 10 of the Dungeon
 11740 | D:10     | Reached skill level 1 in Shields
 11757 | D:10     | Found an ancient bone altar of Kikubaaqudgha.
 11875 | D:10     | Found a staircase to the Orcish Mines.
 11876 | D:10     | 11876 ||| DRINKING 2 potions of curing.
 11876 | D:10     | 11876 ||| (to cure confusion)
 11879 | D:10     | 11879 ||| INVOKING Berserk.
 11885 | D:10     | Reached skill level 3 in Shields
 11890 | D:10     | 11890 ||| DRINKING potion of curing.
 11890 | D:10     | 11890 ||| (to cure confusion)
 11895 | D:10     | Noticed a sixfirhy
 11896 | D:10     | HP: 14/63 [orc priest/divine providence (11)]
 11897 | D:10     | 11897 ||| READING 3 scrolls of teleportation.
 11899 | D:10     | 11899 ||| READING 2 scrolls of teleportation.
 11902 | D:10     | 11902 ||| READING scroll of teleportation.
 11902 | D:10     | HP: 10/63 [sixfirhy[a kobold demonologist] (5)]
 11904 | D:10     | HP: 4/63 [sixfirhy[a kobold demonologist] (3)]
 11904 | D:10     | Slain by an orc

Levels and vault maps discovered:
D:1:      shiori_arrival_whats_in_store_for_you, layout_basic,
          basic_ecumenical_altar, kennysheep_boxes
D:2:      layout_basic
D:3:      layout_loops_ring, mainiacjoe_overflow_tiny_flanked,
          mainiacjoe_overflow_six_doors_small, uniq_jessica
D:4:      layout_basic, temple_statues, hellmonk_ghost_happy_afterlife
D:5:      layout_cave_pools
D:6:      layout_basic, eat_drink_and_be_merry_uskayaw,
          mainiacjoe_overflow_big_doors, dreamdust_wishing_well, uniq_duvessa
D:7:      layout_loops_ring
D:8:      layout_gridville, enter_bailey_4, serial_rivers,
          chequers_serial_rivers_small_3, chequers_serial_rivers_micro_e,
          chequers_serial_rivers_micro_e, chequers_serial_rivers_small_3,
          blue_anna_alchemist
D:9:      layout_gridville, grunt_ashenzari_visionary
          [grunt_ashenzari_visionary_shoals, grunt_ashenzari_visionary_spider],
          serial_undead, serial_undead_d, serial_undead_f, serial_undead_c,
          serial_undead_d, serial_undead_e, serial_undead_a, serial_undead_f,
          serial_undead_b
D:10:     layout_irregular_city, kiku_gazebo_garden_becter, lair_entry_dummy,
          erik_orc_4

Skill      XL: |  1  2  3  4  5  6  7  8  9 10 11 |
---------------+----------------------------------+-----
Axes           | 3 4 5 6 7 9 10 12 | 12.0
Fighting       | 4 5 6 8 9 |  9.4
Armour         | 3 4 6 7 |  7.0
Throwing       | 1 |  1.2
Dodging        | 2 |  2.0
Shields        | 3 |  3.6

Action                   |  1- 3 |  4- 6 |  7- 9 | 10-12 || total
-------------------------+-------+-------+-------+-------++-------
Melee: Hand axe          |    83 |   187 |    68 |       ||   338
       Punch             |       |     1 |     2 |     3 ||     6
       War axe           |       |       |   273 |   221 ||   494
Throw: Boomerang         |       |       |    28 |    22 ||    50
Invok: Berserk           |     2 |     4 |    10 |     5 ||    21
  Use: Scroll            |     4 |     4 |     9 |     4 ||    21
       Potion            |     1 |     4 |     7 |     2 ||    14
Armor: Animal skin       |    18 |     6 |       |       ||    24
       Leather armour    |       |    31 |       |       ||    31
       Plate armour      |       |    50 |   325 |   305 ||   680
Dodge: Dodged            |    42 |    65 |   150 |   144 ||   401
Block: Buckler           |       |       |       |    18 ||    18

Table legend:
 A = Non-vault XP
 B = Vault XP
 C = Vault XP percentage of total XP
 D = Non-vault monster count
 E = Vault monster count
 F = Vault count percentage of total count
                 A         B        C        D         E       F
            +---------+---------+-------+---------+---------+-------
      Total |    7356 |    2859 |  28.0 |     183 |      33 |  15.3
            +---------+---------+-------+---------+---------+-------
        D:1 |      39 |       0 |   0.0 |      15 |       0 |   0.0
        D:2 |      63 |       0 |   0.0 |      17 |       0 |   0.0
        D:3 |     192 |      37 |  16.2 |      18 |       1 |   5.3
        D:4 |     256 |       0 |   0.0 |      19 |       0 |   0.0
        D:5 |     415 |       0 |   0.0 |      10 |       0 |   0.0
        D:6 |     604 |     218 |  26.5 |      19 |       2 |   9.5
        D:7 |     932 |       0 |   0.0 |      25 |       0 |   0.0
        D:8 |     879 |     102 |  10.4 |      19 |       6 |  24.0
        D:9 |    3323 |    2299 |  40.9 |      33 |      19 |  36.5
       D:10 |     653 |     203 |  23.7 |       8 |       5 |  38.5
            +---------+---------+-------+---------+---------+-------
